[Event "HSK IM Invitational 2022"]
[Site "Hamburg"]
[Date "2022.05.20"]
[Round "1.1"]
[White "Hommer, Jeremy"]
[Black "Clarke, Brandon G I"]
[Result "0-1"]
[ECO "B51"]
[WhiteElo "2152"]
[BlackElo "2445"]
[Annotator "TA"]
[PlyCount "102"]
[EventDate "2022.05.20"]
[EventType "tourn"]
[EventCountry "GER"]
[SourceTitle "playchess.com"]
[Source "ChessBase"]
[SourceQuality "1"]
[TimeControl "40/5400+30:1800+30"]

1. e4 c5 2. Nf3 d6 3. Bb5+ Nd7 4. O-O a6 5. Bd3 Ngf6 6. Re1 {[%emt 0:00:18] B51: Sicilian: Moscow Variation (3 Bb5+) without 3...Bd7.} e6 7. c3 b5 8. Bc2 {[%emt 0:00:08] White has an edge.} Bb7 9. d4 Be7 10. Nbd2 O-O 11. Nf1 (11. e5 {feels hotter.} Ne8 12. Ne4 cxd4 13. exd6 Nxd6 14. Nxd6 Bxd6 15. Qd3) 11... Qc7 12. Ng3 Rfc8 13. Bd3 Nf8 {[%emt 0:02:38] [#]} 14. Bd2 $146 ({Predecessor:} 14. h4 Ng4 15. Bg5 h6 16. Bd2 Qd8 17. h5 Bf6 18. Qe2 b4 19. Rad1 a5 20. Bf4 cxd4 21. cxd4 {0-1 (36) Ter Sahakyan,S (2553)-Korchmar,V (2411) Chess.com INT 2018}) 14... N6d7 15. h4 (15. a4 {is more complex.} bxa4 16. Rxa4 d5 17. exd5 Bxd5 18. Nf5) 15... Nb6 16. b3 c4 17. Bf1 a5 18. Qe2 d5 19. e5 b4 {[%emt 0:00:24] And now ...bxc3 would win.} 20. Rec1 a4 21. Rab1 (21. cxb4 $5 axb3 22. axb3 $11) 21... cxb3 22. axb3 Ba6 23. Qe1 Bxf1 24. Nxf1 a3 25. cxb4 Qa7 26. Ra1 a2 27. Bc3 {[%emt 0:06:00] [#]} (27. Rxc8 $14 {keeps the upper hand.} Nxc8 28. Qc1) 27... Qa3 $1 $17 {[%emt 0:01:13] Black is more active.} 28. N1d2 Bxb4 29. Bxb4 {[%emt 0:16:58] [#]} Qxc1 {[%emt 0:02:02][%mdl 576] Remove Defender} 30. Rxc1 Rxc1 {[%emt 0:00:03][%mdl 64] Remove Defender} 31. Qxc1 a1=Q {[%emt 0:00:04] Inhibits Ba3.} 32. Qxa1 (32. Nb1 $142) 32... Rxa1+ $19 33. Kh2 f6 34. Kg3 h5 35. Kf4 Ng6+ 36. Ke3 Nd7 37. Bd6 Kf7 38. g3 Ne7 39. Bxe7 Kxe7 {[%emt 0:00:02][%mdl 4096] Endgame KRN-KNN} 40. Kd3 Ra2 41. Kc3 Kf7 42. exf6 gxf6 43. Kd3 Kg6 44. Ne1 e5 {[%emt 0:02:33] Threatens to win with ...exd4.} 45. Nc2 Kf5 ({Inferior is} 45... e4+ 46. Kc3 $15) 46. Ne3+ (46. Nb4 $17 Ra5 47. Nc2) 46... Ke6 47. Nc2 Nb8 ({Stronger than} 47... e4+ 48. Kc3) 48. Nb4 Ra1 49. Ke3 $2 (49. Nc2 Rc1 50. b4) 49... Re1+ {[%emt 0:01:43] Black is clearly winning.} 50. Kf3 e4+ 51. Kg2 Rd1 {[%emt 0:00:18] Weighted Error Value: White=0.21 (precise) /Black=0.09 (flawless)} 0-1

[Event "HSK IM Invitational 2022"]
[Site "Hamburg"]
[Date "2022.05.20"]
[Round "1.2"]
[White "Bracker, Arne"]
[Black "Fischer, Daniel"]
[Result "1-0"]
[ECO "B48"]
[WhiteElo "2276"]
[BlackElo "2367"]
[Annotator "TA"]
[PlyCount "119"]
[EventDate "2022.05.20"]
[EventType "tourn"]
[EventCountry "GER"]
[SourceTitle "playchess.com"]
[Source "ChessBase"]
[SourceQuality "1"]
[TimeControl "40/5400+30:1800+30"]

1. e4 c5 2. Nf3 e6 3. d4 cxd4 4. Nxd4 Nc6 5. Nc3 Qc7 6. Be3 a6 7. Qf3 {[%emt 0:00:08] B48: Sicilian: Taimanov: 5 Nc3 Qc7 6 Be3 a6 without Be2.} b5 8. Nxc6 {[%emt 0:06:18] 8.Qg3 is more fashionable.} Qxc6 9. Bd3 {[%emt 1:25:27] White has an edge.} b4 10. Ne2 Nf6 11. Nd4 Qc7 12. O-O-O (12. Bf4 $11 Bd6 13. Bxd6 Qxd6 14. Nb3) 12... Bb7 $15 {[%emt 0:00:30] [#]} 13. Bf4 $146 ({Predecessor:} 13. Rhe1 Be7 14. g4 d5 15. e5 Ne4 16. Qh3 Qxe5 17. f3 Nc5 18. Kb1 Nxd3 19. cxd3 {1-0 (40) Walter,S (2261)-Cajbel,M (2198) Jastrzebia Gora 2016}) 13... d6 (13... Bd6 $15 14. Bxd6 Qxd6) 14. Rhe1 $11 Be7 (14... e5 {with more complications.} 15. Bg5 exd4 16. Bxf6 gxf6 17. Qxf6 Kd7) 15. Bg3 (15. Qh3 $11) 15... O-O $15 16. Qe2 Qb6 17. e5 dxe5 18. Bxe5 Rfd8 (18... Bxg2 $2 19. Rg1 $18) 19. Kb1 a5 ({Reject} 19... Bxg2 20. Rg1 Bd5 21. Qe3 $11) 20. g4 (20. f4 $142) 20... g6 ({Better is} 20... Nd7 $1 $17 21. Nf3 Nxe5 22. Nxe5 Bg5) 21. Bc4 a4 (21... Nd5 $15) 22. f4 (22. Nxe6 $1 $11 {keeps the balance.} fxe6 23. Bd4 Rxd4 24. Qxe6+ Qxe6 25. Bxe6+ Kh8 26. Rxd4) 22... Nd7 $2 {[%emt 0:00:30][%mdl 8192] [#] White now steadily converts the win.} (22... Ne4 $17 {Strongly threatening ...a3.} 23. Nb5 a3 24. Rxd8+ Rxd8) 23. Nxe6 $1 $18 fxe6 {[%emt 0:00:30] [#]} 24. Bd6 {[%emt 0:00:30][%mdl 576] Decoy} Bxd6 25. Qxe6+ Kh8 26. Rxd6 Qf2 27. Red1 ({Less strong is} 27. Rc1 Qxf4 28. Rxd7 Rxd7 29. Qxd7 Bf3 $11) (27. g5 $1 $18) 27... Qxf4 $2 28. Rxd7 Rxd7 29. Rxd7 {[%emt 0:00:30][%cal Oe6e7] White wants to mate with Qe7!} Rf8 {[%emt 0:00:30][%cal Of4f1] ( -> ...Qf1+!)} 30. Rf7 (30. Re7 $142) 30... Rxf7 31. Qxf7 Qxf7 32. Bxf7 {[%emt 0:00:30][%mdl 4096] Endgame aiming for Be8. KB-KB} Kg7 (32... g5 $142 33. Be8 a3) 33. Be8 a3 (33... h6 $142 34. Bxa4 Kf6) 34. bxa3 bxa3 35. g5 h6 $2 (35... Kf8 36. Ba4 Ke7) 36. gxh6+ Kxh6 37. c4 {[%emt 0:00:30] Black must now prevent Kc2.} Be4+ 38. Kc1 Kg7 {[%emt 0:00:30] [#]} 39. Ba4 $1 Kf6 40. Kd2 Bb1 41. Bb3 Ke5 {[%emt 0:30:30] [#]} 42. Kc3 $1 g5 43. Kb4 Kd6 44. Kxa3 Kc5 45. Kb2 Bf5 46. Kc3 Be4 47. Bd1 Bf5 48. Bf3 Be6 49. Bd5 Bf5 50. a4 Bd7 51. a5 Bc8 52. Bf7 Bb7 53. Be6 Bf3 54. a6 {[%emt 0:00:30] White mates.} Kb6 55. Bc8 Bg2 56. Kd4 Bf1 57. Kd5 Be2 58. Bb7 Bd3 59. c5+ Kc7 60. c6 {[%emt 0:00:30] Weighted Error Value: White=0.26 (precise) /Black=0.71} 1-0

[Event "HSK IM Invitational 2022"]
[Site "Hamburg"]
[Date "2022.05.20"]
[Round "1.3"]
[White "Kopylov, Michael"]
[Black "Miezis, Normunds"]
[Result "1/2-1/2"]
[ECO "E11"]
[WhiteElo "2378"]
[BlackElo "2452"]
[Annotator "TA"]
[PlyCount "31"]
[EventDate "2022.05.20"]
[EventType "tourn"]
[EventCountry "GER"]
[SourceTitle "playchess.com"]
[Source "ChessBase"]
[SourceQuality "1"]
[TimeControl "40/5400+30:1800+30"]

1. d4 Nf6 2. c4 e6 3. g3 Bb4+ 4. Bd2 a5 5. Bg2 d5 6. Nf3 O-O 7. O-O {[%emt 0:00:42] 7.Qc2 is the modern continuation.} b6 {[%emt 0:08:04] E11: Bogo-Indian.} 8. Bg5 Be7 9. cxd5 exd5 10. Nc3 Bb7 11. Rc1 (11. Ne5 {keeps more tension.} Nbd7 12. Qa4 Nxe5 13. dxe5 Ne4 14. Bxe7 Qxe7 15. Nxe4 dxe4 16. Bxe4 Bxe4 17. Qxe4 Rad8 18. Rfd1) 11... Na6 12. Ne5 c5 13. dxc5 Nxc5 14. Bxf6 Bxf6 15. Ng4 {[%emt 0:00:04] [#] Pair of Knights!} Rb8 $146 ({Predecessor:} 15... Bxc3 16. Rxc3 Ra7 17. Rc2 d4 18. Bxb7 Rxb7 19. Ne5 Qd5 20. Nd3 Re8 21. Nc1 b5 {0-1 (28) Medic,M (2288)-Kurajica,B (2540) Pula 2004}) 16. Nxf6+ {[%emt 0:08:55] Weighted Error Value: White=0.03 (flawless) /Black=0.07 (flawless)} 1/2-1/2

[Event "HSK IM Invitational 2022"]
[Site "Hamburg"]
[Date "2022.05.20"]
[Round "1.4"]
[White "Garner, Isaac"]
[Black "Kopylov, Daniel"]
[Result "1/2-1/2"]
[ECO "A30"]
[WhiteElo "2240"]
[BlackElo "2292"]
[Annotator "TA"]
[PlyCount "92"]
[EventDate "2022.05.20"]
[EventType "tourn"]
[EventCountry "GER"]
[SourceTitle "playchess.com"]
[Source "ChessBase"]
[SourceQuality "1"]
[TimeControl "40/5400+30:1800+30"]

1. Nf3 c5 2. c4 Nf6 3. b3 g6 4. Bb2 Bg7 5. g3 b6 6. Bg2 Bb7 7. O-O O-O 8. d4 cxd4 9. Qxd4 d6 10. Nc3 Nbd7 11. Qd2 Rc8 12. Ne1 {[%emt 0:00:38] A30: Symmetrical English: Double Fianchetto and Hedgehog.} Qc7 {[%emt 0:01:33] [#]} 13. e4 $146 ({Predecessor:} 13. Nd5 Nxd5 14. Bxg7 Kxg7 15. Bxd5 Bxd5 16. Qxd5 Nf6 17. Qd3 Rfd8 18. e4 e6 19. Ng2 d5 20. exd5 exd5 {0-1 (44) Villalba,M (2195)-Leiva Rodriguez,J (2405) Asuncion 2014}) 13... Nc5 14. f3 {[%emt 0:01:06] White is slightly better.} Rfd8 15. Nd3 e6 16. Bh3 h5 (16... a6 $142) 17. Rad1 h4 18. Qf2 Nh5 19. Nb5 Qe7 20. Bxg7 (20. gxh4 $2 Nxd3 21. Rxd3 Nf4 $19) 20... Kxg7 21. Nf4 (21. gxh4 $2 Nxd3 22. Rxd3 Nf4 $19) 21... Rh8 (21... Nxf4 $11 22. gxf4 a6) 22. Qb2+ (22. Rxd6 a6 23. Nxh5+ Rxh5 $17) (22. Nxd6 hxg3 23. Nxh5+ Rxh5 24. Qxg3 Rch8 $14) 22... Kg8 (22... Nf6 {was worth a try.}) 23. Nxh5 $18 (23. Rxd6 $2 hxg3 24. Nxh5 Rxh5 $19) 23... Rxh5 24. g4 (24. Nxa7 $6 hxg3 25. Nxc8 Bxc8 $16) 24... Rh8 25. Nxd6 Rd8 26. e5 a5 27. a3 Bc6 28. b4 axb4 (28... Nd7 $142 29. f4 Kh7) 29. axb4 Nd7 30. f4 Kg7 31. Bg2 Bxg2 32. Qxg2 {[%emt 0:00:07] aiming for f5.} (32. Kxg2 h3+ 33. Kh1 Rh4 $18) 32... h3 33. Qg3 {[%emt 0:02:21] And now f5 would win.} Ra8 (33... Kf8 $142 34. Ra1 Nb8) 34. Ra1 f6 35. g5 Rxa1 36. gxf6+ Nxf6 37. Rxa1 {[%emt 0:00:13] Threatens to win with f5. The board is on fire.} Nh5 38. Qe3 ({Not} 38. Qxh3 Nxf4 39. Qf3 (39. Qg4 Rf8 $16) 39... Rf8 $16) (38. Qg5 $18 Qxg5+ 39. fxg5) 38... Rf8 $11 39. Qxh3 Rxf4 40. Kh1 {[%emt 0:00:52] Strongly threatening Rg1. Active counter play!} Rf8 $2 {[%emt 0:00:34] [#]} (40... Qf8 $1 $14) 41. Qe3 $2 (41. b5 $1 $18) 41... Qh4 $1 {[%emt 0:09:26] The position is equal.} 42. Ne4 ({But not} 42. Qxb6 $2 Rf2 43. Qc7+ Kh6 44. Nf7+ {[#]} Rxf7 $1 45. Qxf7 Qe4+ 46. Kg1 Qd4+ 47. Kg2 Qxa1 48. Qf8+ Kg5 49. Qe7+ Kf5 50. Qf8+ Ke4 51. Qf3+ Kxe5 52. Qe2+ Kd6 $19) 42... Rf5 43. Ra7+ Kg8 44. Ra8+ Kg7 45. Ra7+ Kg8 46. Ra8+ Kg7 {[%emt 0:00:10] Blacks defense is rewarded with a draw.  Weighted Error Value: White=0.35/Black=0.34} 1/2-1/2

[Event "HSK IM Invitational 2022"]
[Site "Hamburg"]
[Date "2022.05.30"]
[Round "1.5"]
[White "Schulze, Lara"]
[Black "Kotyk, Michael"]
[Result "1-0"]
[ECO "C54"]
[WhiteElo "2303"]
[BlackElo "2170"]
[Annotator "TA"]
[PlyCount "92"]
[EventDate "2022.05.20"]
[EventType "tourn"]
[EventCountry "GER"]
[SourceTitle "playchess.com"]
[Source "ChessBase"]
[SourceQuality "1"]
[TimeControl "40/5400+30:1800+30"]

1. e4 e5 2. Nf3 Nc6 3. Bc4 Bc5 4. c3 Nf6 5. d4 exd4 6. cxd4 Bb4+ 7. Nbd2 {[%emt 0:00:30] C54: Giuoco Piano: 4 c3 Nf6, main lines with 5 d4 and 5 d3.} Nxe4 {[%emt 0:00:30] White should prevent ...d5.} 8. d5 {[%emt 0:00:30] aiming for 0-0.} Nxd2 9. Bxd2 {[%emt 0:00:30] The position is equal.} Qe7+ 10. Kf1 {[%emt 0:00:30] [#]} b5 $146 ({Black should try} 10... Nd8 $11) ({Predecessor:} 10... Na5 11. Bd3 O-O 12. Be3 b5 13. Qc2 Nc4 14. Bxh7+ Kh8 15. Bd4 c5 16. dxc6 dxc6 17. a3 Ba5 18. b4 Bb6 19. Re1 Be6 20. Ba1 {½-½ (20) Kurmann,O (2439)-Klauser,M (2384) Bern 2014}) 11. Bb3 $14 (11. dxc6 bxc4 12. Bxb4 Qxb4 $15) 11... Na5 (11... Nd8 $16) 12. d6 $1 $18 {[%emt 0:00:30][%mdl 64] [#] Deflection} Qxd6 (12... Bxd6 13. Bxa5 O-O) 13. Qe1+ Kd8 14. Bxb4 Qd3+ 15. Qe2 $2 (15. Kg1 Bb7 16. Ne5) 15... Qxe2+ 16. Kxe2 Re8+ 17. Kd2 Nxb3+ 18. axb3 d6 19. Bc3 f6 20. Nd4 Bd7 21. b4 a5 22. Ne2 (22. bxa5 c5 $16) 22... a4 23. Nf4 Kc8 (23... c5 $16 {was necessary.} 24. f3 Ke7 25. Nd5+ Kd8) 24. f3 Kb7 (24... Re7 {was called for.} 25. Rhe1 Rf7) 25. Rhe1 c5 26. Nh5 Rxe1 27. Rxe1 a3 28. bxa3 (28. Nxg7 a2 $18) 28... Rxa3 29. Ra1 {[%emt 0:00:30] Inhibits Ra2+.} ({Weaker is} 29. Nxg7 Ra2+ 30. Kc1 Rxg2 $16) 29... cxb4 30. Bb2 Rb3 31. Kc2 Re3 32. Kd2 {Prevents Re2+.} Rb3 33. Kc2 Re3 34. Rd1 Bf5+ {[%emt 0:00:30] [#]} 35. Kd2 $1 ({Inferior is} 35. Kc1 Re2 36. Nxg7 Bg6 $11) 35... Rb3 (35... Re7 {is a better defense.} 36. Nf4 Rc7) 36. Kc1 Re3 37. Nxg7 Bg6 38. Kd2 {[%emt 0:00:30] Against Re2+} Rd3+ 39. Ke2 Ra3 (39... Rxd1 $142 40. Kxd1 f5) 40. Rxd6 Ra2 41. Rd2 b3 42. Ne6 Bc2 43. Nc5+ Kb6 44. Nd3 Kc6 $2 (44... f5 45. Bd4+ Kb7) 45. Bxf6 (45. Nb4+ $142 Kc5 46. Nxa2) 45... Ra8 46. Kf2 Re8 {Weighted Error Value: White=0.58/Black=0.41} (46... Bb1 $142 47. Ke3 Kb6 48. Bd4+ Kc7) 1-0

[Event "HSK IM Invitational 2022"]
[Site "Hamburg"]
[Date "2022.05.21"]
[Round "2.1"]
[White "Clarke, Brandon G I"]
[Black "Kotyk, Michael"]
[Result "1-0"]
[ECO "C54"]
[WhiteElo "2445"]
[BlackElo "2170"]
[Annotator "TA"]
[PlyCount "61"]
[EventDate "2022.05.20"]
[EventType "tourn"]
[EventCountry "GER"]
[SourceTitle "playchess.com"]
[Source "ChessBase"]
[SourceQuality "1"]
[TimeControl "40/5400+30:1800+30"]

1. e4 e5 2. Nf3 Nc6 3. Bc4 Bc5 4. c3 Nf6 5. d4 exd4 6. b4 {[%emt 0:00:31] C54: Giuoco Piano: 4 c3 Nf6, main lines with 5 d4 and 5 d3.} (6. cxd4 $11 Bb4+ 7. Bd2) 6... Bb6 $1 $15 7. e5 {[%emt 0:00:18][%cal Be4e5,Be5f6,Bf6g7][%mdl 32] [#]} d5 $1 8. exf6 {[%emt 0:00:18] Black is slightly better.} dxc4 9. Qe2+ {[%emt 0:00:06] The main line 9.Qe2+ scores better than 9.b5.} Be6 $1 (9... Kf8 10. b5 Na5 11. Qe5 $14) 10. b5 d3 (10... Na5 $1 $17 11. fxg7 Rg8) 11. Qe4 $1 $11 Nb4 $1 12. O-O $1 Nc2 13. fxg7 Rg8 14. Bg5 (14. Qxh7 f6 15. Qg6+ (15. Qe4 $2 Kf7 $19) 15... Bf7 $15) 14... Qd5 $132 {[%emt 0:00:39][%mdl 2048] Black has counterplay} 15. Qxh7 Kd7 {[%emt 0:00:06] [#] Strongly threatening ...Bf5.} 16. Nbd2 $1 Bf5 (16... Nxa1 17. Re1 Bxf2+ 18. Kxf2 $18) 17. Qh5 {[%emt 0:01:09] [#]} Rxg7 $146 (17... Nxa1 $2 18. Ne5+ Kc8 19. Bf6 $18) (17... Rae8 $1 $11 18. Bf6 Nxa1 19. Rxa1 Kc8) ({Predecessor:} 17... Rae8 18. Bf6 Nxa1 19. Rxa1 Kc8 20. h4 c6 21. bxc6 bxc6 22. Nxc4 Qxc4 23. Qxf5+ Qe6 {1-0 (75) Yoo,C (2457)-Vidyarthi,V (2165) Las Vegas 2021}) 18. Bf6 $16 Rh7 {[%emt 0:03:51] [#]} (18... Rg6 $16 19. Ne5+ Ke6 20. Nxg6 fxg6) 19. Qg5 $1 $18 Re8 {[%emt 0:04:47] Prevents Ne5+.} (19... Nxa1 $2 20. Ne5+ Qxe5 21. Bxe5 $18) 20. Nxc4 $1 Nxa1 (20... Bxf2+ $2 21. Rxf2 Kc8 22. Rd1 $1 $18) (20... Kc8 $142) 21. Nfe5+ Ke6 $2 {[%emt 0:02:45] [#]} (21... Rxe5 22. Nxe5+ Ke6) 22. Rxa1 $2 (22. Re1 $1 $18 {and the rest is easy. aiming for Nxd3+.} Nc2 {[#]} 23. Bg7 $1 Qxb5 24. Qf6+ Kd5 25. Nxb6+ Qxb6 26. c4+ (26. Qxf5 Nxe1 27. Nd7+ Kc6 $16) 26... Kd4 27. Nf3+ Kxc4 28. Nd2+ Kb5 29. Rb1+ Nb4 30. Qxf5+ Ka6 31. Qxh7) 22... d2 $16 23. Nxd2 {[%emt 0:10:29] The board is on fire. Pair of Knights!} ({But not} 23. Rd1 $6 Qe4 24. Nxd2 Qe2 $11) 23... Rg8 24. Qxg8 $18 Bxf2+ $2 (24... Qxd2 25. Nf3 (25. Bg7 $2 {is a self mate.} Qxf2+ 26. Kh1 Rxh2+ 27. Kxh2 Qh4#) 25... Qxf2+ 26. Kh1 Kxf6) 25. Kxf2 $2 (25. Kh1 $18) 25... Qxd2+ $16 26. Kg1 Qe3+ $2 (26... Kxf6 $16 {is more resistant.} 27. Nf3 Qe3+ 28. Kh1 Bg6) 27. Kh1 $18 Qf4 {[%emt 0:00:55] [#] Inhibits Rf1.} (27... Kxf6 $142 28. Ng4+ Bxg4) 28. Ng4 $1 Qxg4 (28... Bxg4 29. Qxh7) 29. Qd8 {[%emt 0:00:59] White threatens Re1+ and mate.} Rh3 30. Re1+ Be4 31. Qc8+ {[%emt 0:00:49] Weighted Error Value: White=0.55/Black=0.91} 1-0

[Event "HSK IM Invitational 2022"]
[Site "Hamburg"]
[Date "2022.05.21"]
[Round "2.2"]
[White "Kopylov, Daniel"]
[Black "Schulze, Lara"]
[Result "1/2-1/2"]
[ECO "B67"]
[WhiteElo "2292"]
[BlackElo "2303"]
[Annotator "TA"]
[PlyCount "82"]
[EventDate "2022.05.20"]
[EventType "tourn"]
[EventCountry "GER"]
[SourceTitle "playchess.com"]
[Source "ChessBase"]
[SourceQuality "1"]
[TimeControl "40/5400+30:1800+30"]

1. e4 c5 2. Nf3 Nc6 3. d4 cxd4 4. Nxd4 Nf6 5. Nc3 d6 6. Bg5 e6 7. Qd2 a6 8. O-O-O Bd7 9. f4 h6 10. Bh4 Be7 11. Nf3 Qc7 {[%emt 0:00:12] B67: Sicilian: Richter-Rauzer: 7...a6 8 0-0-0 Bd7, lines without 9 f4 Be7.} 12. Bxf6 (12. g4 {is interesting.} Rd8 13. Rg1 b5 14. g5) 12... Bxf6 13. Qxd6 Qxd6 {[%emt 0:01:10] White has an edge.} 14. Rxd6 Bxc3 15. bxc3 Ke7 16. Rd2 {[%emt 0:03:42] [#]} Rac8 $146 ({Predecessor:} 16... Rhc8 17. Be2 Rc7 18. Rhd1 Be8 19. Rd3 Rac8 20. Re3 Nb8 21. Kb2 Nd7 22. Nd2 b5 {½-½ (66) Friberg,H-Helmertz,P (2280) Motala 1976}) 17. Be2 Rc7 18. Rhd1 Rhc8 19. Nd4 Be8 20. Nb3 Nb8 21. c4 Nd7 22. Rd6 {[%emt 0:19:07] Prevents Nb6.} Nc5 23. e5 Na4 24. Kd2 {[%emt 0:17:57] Prevents Nc3.} Nb2 25. Rb1 Nxc4+ 26. Bxc4 Rxc4 27. Nd4 b5 28. a3 {[%emt 0:01:23] Prevents b4.} R8c5 29. Rb4 a5 30. Rxc4 Rxc4 $11 {[%emt 0:00:12][%mdl 4096] Endgame KRB-KRN} 31. Kc1 Bd7 32. Ne2 g5 (32... f6 $5 ) 33. g3 gxf4 34. gxf4 f6 35. Rd4 {[%emt 0:00:36] [#] Against Re4. exf6+ is the strong threat.} Rc7 36. exf6+ Kxf6 37. Kd2 Bc6 38. Ng3 Bd5 39. c3 Rc5 40. Nf1 Bg2 41. Ng3 Bd5 {[%emt 0:01:25] Weighted Error Value: White=0.08 (flawless) /Black=0.04 (flawless)} 1/2-1/2

[Event "HSK IM Invitational 2022"]
[Site "Hamburg"]
[Date "2022.05.21"]
[Round "2.3"]
[White "Miezis, Normunds"]
[Black "Garner, Isaac"]
[Result "1-0"]
[ECO "C01"]
[WhiteElo "2452"]
[BlackElo "2240"]
[Annotator "TA"]
[PlyCount "129"]
[EventDate "2022.05.20"]
[EventType "tourn"]
[EventCountry "GER"]
[SourceTitle "playchess.com"]
[Source "ChessBase"]
[SourceQuality "1"]
[TimeControl "40/5400+30:1800+30"]

1. c4 e6 2. e4 d5 3. exd5 exd5 4. d4 Bb4+ 5. Nc3 Nf6 6. Bd3 O-O 7. Nge2 dxc4 8. Bxc4 Nbd7 {[%emt 0:00:14] 8...Nc6 is the modern continuation. C01: French: Exchange Variation.} 9. Bg5 Nb6 10. Bb3 h6 {[%emt 0:00:38] The position is equal.} 11. Bh4 Re8 12. O-O a5 13. a3 Bd6 {[%emt 0:00:09][%cal Od6h2] [#]} 14. h3 $146 ({Predecessor:} 14. Re1 Bxh2+ 15. Kxh2 Ng4+ 16. Kg3 g5 17. Bxg5 Qxg5 {0-1 (17) Pons,F (1325)-Nowak,I (2164) LSS email 2011}) 14... c6 15. Re1 Be6 16. Bc2 Bc4 17. b3 (17. Ne4 $11 Be7 18. N2c3 Nxe4 19. Bxe7 Qxe7 20. Nxe4) 17... Bxe2 $15 18. Nxe2 Nbd5 19. Kf1 Qb6 20. Qd3 Re4 21. Bxf6 Nxf6 22. Red1 Ree8 23. Nc3 Qa6 ({Black should try} 23... Rad8 $17) 24. Qc4 Nd5 {[%emt 0:16:14] Threatens to win with ...Nxc3.} (24... Qa7 {with more complications.} 25. d5 Rac8 26. Ne4 Nxe4 27. Bxe4 b5) 25. Nxd5 cxd5 {[%emt 0:00:11][%mdl 64] [#] Pin} 26. Qxa6 Rxa6 27. Bf5 g6 28. Bg4 Rd8 29. Rdc1 Rc6 30. a4 Rb6 31. Rc3 Bb4 32. Re3 Rc6 33. Rd1 Rc3 34. Rxc3 Bxc3 $11 {[%emt 0:00:09][%mdl 4096] Endgame KRB-KRB} 35. Ke2 Rd6 36. Kd3 Bb4 37. Bf3 Kf8 38. Rb1 Ke7 39. Rb2 f6 40. h4 b6 41. Rc2 Kd7 42. h5 gxh5 43. Bxh5 f5 {[%emt 0:03:22] Against Bg4} 44. f4 Rf6 45. Rc1 Bd6 46. g3 Rf8 47. Re1 Bb4 48. Re5 Rg8 49. Rxd5+ Kc6 {[%emt 0:00:25] Black is on the road to losing.} (49... Ke6 $1 $14 50. Re5+ Kf6) 50. Rxf5 $18 Rxg3+ 51. Ke4 Kd6 (51... Rxb3 $16 {keeps fighting.} 52. Be8+ Kd6) 52. Rf6+ Ke7 (52... Kc7 $142 53. Rxh6 Rxb3) 53. Rxb6 Rxb3 (53... Rh3 {was called for.}) 54. f5 {[%emt 0:00:00][%cal Bf4f5,Bf5f6,Bf6f7][%mdl 32] Intending f6+ and mate.} Kd7 55. f6 {[%emt 0:00:00] Threatening mate with f7.} Rb1 56. f7 {[%emt 0:00:00][%cal Ob6b4] Rxb4! would kill now.} Rf1 (56... Re1+ $142 57. Kd3 Ba3) 57. Rxh6 (57. Rb7+ $142 Kd8 58. Be2) 57... Ke7 (57... Re1+ $142 58. Kd3 Rf1) 58. Rh8 {[%emt 0:00:08] Black must now prevent Re8+.} Rf6 59. Re8+ Kd7 60. Bg4+ (60. Ke5 $142 Rf2 61. Bg4+ Kc7 62. Bf5 Bd6+ 63. Ke6) 60... Kc6 61. Be6 {[%emt 0:00:34] And now Ke5 would win.} Bd6 62. Rc8+ Kb7 63. Kd5 Bb4 {[%emt 0:00:07] [#]} 64. Rc5 $1 Rf1 65. Ke4 {[%emt 0:10:22] Weighted Error Value: White=0.13 (very precise) /Black=0.47} (65. Ke5 $142 Bd2 66. Bc4) 1-0

[Event "HSK IM Invitational 2022"]
[Site "Hamburg"]
[Date "2022.05.21"]
[Round "2.4"]
[White "Fischer, Daniel"]
[Black "Kopylov, Michael"]
[Result "1/2-1/2"]
[ECO "B01"]
[WhiteElo "2367"]
[BlackElo "2378"]
[Annotator "TA"]
[PlyCount "44"]
[EventDate "2022.05.20"]
[EventType "tourn"]
[EventCountry "GER"]
[SourceTitle "playchess.com"]
[Source "ChessBase"]
[SourceQuality "1"]
[TimeControl "40/5400+30:1800+30"]

1. e4 d5 2. exd5 Qxd5 3. Nc3 Qd6 4. d4 Nf6 5. Nf3 c6 6. Ne5 Nbd7 {[%emt 0:00:18] B01: Scandinavian Defence.} 7. Nc4 Qc7 8. a4 {[%emt 0:02:27][%cal Ba2a4,Ba4a5][%mdl 32] Inhibits b5.} Nb6 {[%emt 0:06:08] White is slightly better.} 9. Ne5 Be6 (9... a5 $11) 10. a5 $16 Nbd7 11. Bf4 {[%emt 0:06:13][%cal Oe5g6] [#] Ng6! is the strong threat. White is more active.} Nxe5 12. Bxe5 {[%emt 0:00:28] [#]} ({Of course not} 12. dxe5 $6 Rd8 13. Bd3 Nd5 14. Nxd5 Rxd5 $11) 12... Qc8 $146 ({Predecessor:} 12... Qd7 13. h3 g6 14. Bd3 Bg7 15. Ne4 O-O 16. Nc5 Qc8 17. O-O Bf5 18. Bxf5 gxf5 {1-0 (39) Mihok,O (2550)-Medvegyne Balogh,E (2073) Ajka 2019}) 13. Be2 Bf5 14. O-O e6 {[%emt 0:01:42] Against d5} 15. Bf3 Be7 16. Qe2 O-O 17. Na4 Nd7 18. Bf4 Bf6 19. c3 (19. g4 $1 $14 Bg6 20. g5) 19... Re8 20. Bd6 (20. g4 $5 Bg6 21. Nc5 $11) 20... e5 21. Qc4 Qd8 22. Qb4 ({Reject} 22. Bh5 g6 23. Bf3 exd4 24. cxd4 Qxa5 $15) 22... exd4 {[%emt 0:07:24] Weighted Error Value: White=0.11 (very precise) /Black=0.09 (flawless)} (22... e4 $5 23. Be2 b5 $11) 1/2-1/2